 Dungeon Crawl Stone Soup version 0.31-a0-859-g9dce7d3444 (webtiles) character file.

Game seed: 13657999265574855356

3612 Revguard the Fighter (level 9, -3/118 HPs)
             Began as a Demonspawn Berserker on Oct 10, 2023.
             Was a Priest of Trog.
             Slain by a 12-headed hydra (5 damage)
             ... on level 8 of the Dungeon.
             The game lasted 00:12:45 (5458 turns).

Revguard the Fighter (Demonspawn Berserker)         Turns: 5458, Time: 00:12:45

Health: -3/118     AC: 17    Str: 31    XL:     9   Next: 86%
Magic:  9/9        EV:  9    Int:  8    God:    Trog [***...]
Gold:   84         SH:  0    Dex: 12    Spells: 8/8 levels left

rFire   + . .        s - +0 war axe
rCold   + . .        (no shield)
rNeg    + . .        p - +0 plate armour
rPois   .            (helmet restricted)
rElec   +            (no cloak)
rCorr   .            y - +1 pair of gloves
SInv    .            (no boots)
Will    +++..        z - amulet of regeneration Stlth
                     q - +6 ring of strength
HPRegen 2.19/turn    u - ring "Pael" {rElec rF+ rC+ rN+ Will+ Str+2}
MPRegen 0.11/turn

%: no passive effects
@: berserking, strong-willed, regenerating, very quick
A: antennae 1, rugged brown scales 3, spiny 1
a: Renounce Religion, Berserk, Trog's Hand


You were on level 8 of the Dungeon.
You worshipped Trog.
Trog was most pleased with you.
You visited 2 branches of the dungeon, and saw 9 of its levels.

You collected 298 gold pieces.
You spent 214 gold pieces at shops.

Inventory:

Hand Weapons
 s - a +0 war axe (weapon)
Missiles
 n - a throwing net
Armour
 p - a +0 plate armour (worn)
 y - a +1 pair of gloves (worn)
Jewellery
 q - a +6 ring of strength (left hand)
 u - the ring "Pael" (right hand) {rElec rF+ rC+ rN+ Will+ Str+2}
   (You found it on level 8 of the Dungeon)

   [ring of willpower]

   Str+2:     It affects your strength (+2).
   rF+:       It protects you from fire.
   rC+:       It protects you from cold.
   rElec:     It insulates you from electricity.
   rN+:       It protects you from negative energy.
   Will+:     It increases your willpower.
 x - an amulet of the acrobat
 z - an amulet of regeneration (around neck)
Wands
 B - a wand of flame (8)
Scrolls
 a - a scroll of blinking
 d - a scroll of fog
 g - a scroll of enchant weapon
 h - a scroll of revelation
 i - a scroll of fear
 j - 3 scrolls of teleportation
 l - 2 scrolls of enchant armour
 m - a scroll of immolation
Potions
 b - a potion of berserk rage
 e - 3 potions of lignification
 f - a potion of invisibility
 k - 2 potions of brilliance
 o - a potion of heal wounds
 r - 4 potions of curing
 t - 2 potions of attraction
 v - a potion of mutation {unknown}
 w - a potion of ambrosia {unknown}
 A - a potion of might {unknown}


   Skills:
 * Level 8.1 Fighting
 * Level 7.4 Axes
 + Level 5.2 Armour
 + Level 5.3 Dodging
 + Level 5.1 Evocations


You had 8 spell levels left.
You didn't know any spells.
Your spell library was empty.

Dungeon Overview and Level Annotations

Branches:
Dungeon (8/15)             Temple (1/1) D:6
   Lair: D:8-11

Altars:
Ashenzari
Cheibriados
Dithmenos
Fedhas
Gozag
Hepliaklqana
Kikubaaqudgha
Makhleb
Nemelex Xobeh
Okawaru
Qazlal
Ru
Sif Muna
Trog
Uskayaw
Vehumet
Wu Jian

Shops:
D:4 ?


Innate Abilities, Weirdness & Mutations

You have a pair of small antennae on your head.
You are completely covered in rugged brown scales. (AC +3, +7% HP)
You are partially covered in sharp spines.


Message History

The ten-headed hydra is heavily wounded.
The ten-headed hydra closely misses you.
The ten-headed hydra bites you! x2
The ten-headed hydra bites you but does no damage.
The ten-headed hydra barely misses you. x2; The ten-headed hydra bites you.
The ten-headed hydra bites you but does no damage.
The ten-headed hydra barely misses you. The ten-headed hydra bites you.
You hack one of the ten-headed hydra's heads off!
The nine-headed hydra grows two more!
You slash the 11-headed hydra!
The 11-headed hydra is heavily wounded.
Unknown command.
You barely miss the 11-headed hydra.
The 11-headed hydra is heavily wounded.
The 11-headed hydra is struck by your spines.
The 11-headed hydra barely misses you.
The 11-headed hydra bites you but does no damage.
The 11-headed hydra bites you! The 11-headed hydra closely misses you.
The 11-headed hydra bites you but does no damage. x3
The 11-headed hydra closely misses you. The 11-headed hydra bites you!
* * * LOW HITPOINT WARNING * * *
The 11-headed hydra misses you.
The 11-headed hydra bites you but does no damage.
You slice one of the 11-headed hydra's heads off!
The ten-headed hydra grows two more!
You slash the 12-headed hydra!
The 12-headed hydra is severely wounded.
The 12-headed hydra is struck by your spines.
The 12-headed hydra bites you!
* * * LOW HITPOINT WARNING * * *
The 12-headed hydra closely misses you.
The 12-headed hydra bites you but does no damage.
The 12-headed hydra bites you.
* * * LOW HITPOINT WARNING * * *
The 12-headed hydra bites you but does no damage. x2
The 12-headed hydra closely misses you. The 12-headed hydra bites you.
* * * LOW HITPOINT WARNING * * *
The 12-headed hydra barely misses you. The 12-headed hydra bites you!
* * * LOW HITPOINT WARNING * * *
The 12-headed hydra bites you but does no damage.
The 12-headed hydra bites you.
You die...

....................##..#.......
................................
..###..##############..#.......
#..#.........# #..#......#
#..#.###.###.## ##.#.#.....
#..##.#$.u#R##. .#.. ....
..###...#.##J##c##.#.##
........##.#H#D# .....
....#.#..#.###@####.####
..........##c#§##.......#
##....#.#...#J#§###.....###
#8..........##§##.#.#.#†#.#
##..###......#☼##...#.#.))##
.............#§#.#######.#)#
....#...[..#.##.........##.#
....#.#....#..#########.##.##
......#....##.# .##...#


You could see a 12-headed hydra, a purple ugly thing, 2 slime creatures, a
centaur warrior (poisoned), a manticore, an efreet and a centaur.

Vanquished Creatures
  A two-headed ogre (D:5)
  Sigmund (D:5)
  2 wyverns
  A steam dragon (D:8)
  2 water moccasins (D:7)
  An orc warrior (D:7)
  An ice beast (D:7)
  2 black bears
  A sky beast (D:8)
  An ogre (D:7)
  3 centaurs
  2 kobold brigands
  6 bullfrogs
  A gnoll sergeant (D:8)
  4 scorpions
  4 jellies
  A hound (D:5)
  3 orc priests
  3 sleepcaps
  3 iguanas
  2 orc wizards
  3 gnolls (D:5)
  8 adders
  A shadow imp (D:6)
  An ufetubus (D:5)
  A worm (D:2)
  4 dart slugs
  27 orcs
  10 ball pythons
  2 bats (D:2)
  3 endoplasms
  3 giant cockroaches
  5 goblins
  7 hobgoblins
  3 jackals (D:3)
  4 frilled lizards
  7 kobolds
  8 rats
142 creatures vanquished.

Notes
Turn   | Place    | Note
-------+----------+-------------------------------------------
     0 | D:1      | Revguard the Demonspawn Berserker began the quest for the
                  | Orb.
     0 | D:1      | Reached XP level 1. HP: 18/18 MP: 1/1
   242 | D:1      | Gained mutation: You are partially covered in rugged brown
                  | scales. (AC +1, +3% HP) [demonic ancestry]
   242 | D:1      | Reached XP level 2. HP: 16/24 MP: 2/2
   626 | D:2      | Reached XP level 3. HP: 29/29 MP: 3/3
   659 | D:2      | Reached ** piety under Trog
   762 | D:2      | Reached skill level 1 in Evocations
   934 | D:2      | Gained mutation: You are partially covered in sharp spines.
                  | [demonic ancestry]
   934 | D:2      | Reached XP level 4. HP: 25/37 MP: 4/4
  1907 | D:4      | Identified the +1 whip of Massacring {pain, rElec rPois rN+
                  | Dex+3}
  1918 | D:4      | Noticed a centaur
  1922 | D:4      | HP: 1/38 [centaur/arrow (13)]
  1933 | D:4      | Killed a centaur
  1934 | D:4      | Reached skill level 4 in Fighting
  1934 | D:4      | Reached XP level 5. HP: 19/43 MP: 5/5
  2030 | D:4      | Found Wuoxotof's Magic Scroll Shop.
  2041 | D:4      | Bought a scroll of teleportation for 39 gold pieces
  2041 | D:4      | Bought a scroll of identify for 26 gold pieces
  2211 | D:4      | Gained mutation: You have a pair of small antennae on your
                  | head. [demonic ancestry]
  2211 | D:4      | Reached XP level 6. HP: 33/50 MP: 6/6
  2407 | D:4      | You fall into a shaft and drop 3 floors!
  2523 | D:7      | Noticed a water moccasin
  2530 | D:7      | Noticed an orc warrior
  2534 | D:7      | Killed a water moccasin
  2550 | D:7      | Killed an orc warrior
  2629 | D:7      | Reached *** piety under Trog
  2630 | D:7      | Gained mutation: You are mostly covered in rugged brown
                  | scales. (AC +2, +5% HP) [demonic ancestry]
  2630 | D:7      | Reached XP level 7. HP: 51/57 MP: 7/7
  2700 | D:7      | Reached skill level 5 in Fighting
  2878 | D:7      | Reached skill level 5 in Axes
  3040 | D:7      | Reached XP level 8. HP: 67/67 MP: 8/8
  3102 | D:7      | Reached skill level 6 in Fighting
  3771 | D:6      | Identified the +0 helmet of Duraesi {rC++}
  3896 | D:6      | Found a blossoming altar of Fedhas.
  4027 | D:6      | Found a staircase to the Ecumenical Temple.
  4036 | Temple   | Entered the Ecumenical Temple
  4068 | D:5      | Entered Level 5 of the Dungeon
  4068 | D:5      | Noticed Sigmund
  4073 | D:5      | Killed Sigmund
  4074 | D:5      | Gained mutation: You are completely covered in rugged brown
                  | scales. (AC +3, +7% HP) [demonic ancestry]
  4074 | D:5      | Reached XP level 9. HP: 75/75 MP: 9/9
  4219 | D:5      | Reached skill level 7 in Fighting
  4665 | D:5      | Noticed a two-headed ogre
  4674 | D:5      | Killed a two-headed ogre
  5082 | D:4      | Found a hide-covered altar of Uskayaw.
  5138 | D:4      | Bought a scroll of blinking for 97 gold pieces
  5138 | D:4      | Bought a scroll of poison for 52 gold pieces
  5239 | D:8      | Identified the ring "Pael" {rElec rF+ rC+ rN+ Will+ Str+2}
  5296 | D:8      | Reached skill level 5 in Dodging
  5310 | D:8      | Reached skill level 5 in Armour
  5402 | D:8      | Reached skill level 8 in Fighting
  5402 | D:8      | Reached skill level 5 in Evocations
  5447 | D:8      | Noticed a purple ugly thing
  5447 | D:8      | Noticed a manticore
  5447 | D:8      | Noticed a centaur warrior
  5447 | D:8      | Noticed an eight-headed hydra
  5447 | D:8      | Noticed an efreet
  5458 | D:8      | HP: 2/118 [12-headed hydra (11)]
  5458 | D:8      | Slain by a 12-headed hydra

Illustrated notes

Levels and vault maps discovered:
D:1:      sevenhm_arrival_forest_fort_small_3, layout_rooms
D:2:      layout_basic, wad_floor_pattern_2
D:3:      layout_basic
D:4:      layout_basic, nicolae_uskayaw_suspiria, mainiacjoe_overflow_alcove_4,
          serial_shops, nicolae_shop_crystal
D:5:      layout_loops_ring, uniq_sigmund
D:6:      layout_cave_pools, lemuel_doored_altar,
          minmay_temple_entry_antechambers, reono_crystal_passage,
          kennysheep_donut
D:7:      layout_loops_ring, chequers_serial_rivers_room_b, feat_on_display
D:8:      minmay_the_grid_triangle_9x9_rhombus_thin
          [minmay_the_grid_triangle_9x9_alien,
          minmay_the_grid_triangle_9x9_prize_top_heavy,
          minmay_the_grid_triangle_9x9_limited_checkers,
          minmay_the_grid_triangle_9x9_impossible_snake], layout_basic,
          lemuel_mausoleum_altar_yredelemnul, uniq_jeremiah, uniq_erica
Temple:   bh_familiar_temple

Skill      XL: |  1  2  3  4  5  6  7  8  9 |
---------------+----------------------------+-----
Axes           | 3 4 5 6 7 |  7.4
Armour         | 2 3 4 5 |  5.2
Dodging        | 2 3 4 5 |  5.3
Evocations     | 1 2 3 4 5 |  5.1
Fighting       | 4 5 6 8 |  8.1

Action                     |  1- 3 |  4- 6 |  7- 9 || total
---------------------------+-------+-------+-------++-------
  Melee: Hand axe          |    91 |   102 |    80 ||   273
         Punch             |     1 |     2 |     7 ||    10
         War axe           |       |       |    99 ||    99
 Invoke: Berserk           |       |     1 |     4 ||     5
         Trog's Hand       |       |     1 |     4 ||     5
    Use: Scroll            |       |    12 |     3 ||    15
         Potion            |       |     2 |     2 ||     4
 Armour: Ring mail         |    78 |    60 |       ||   138
         Animal skin       |     1 |       |       ||     1
         Plate armour      |       |    25 |   228 ||   253
  Dodge: Dodged            |    50 |    72 |   108 ||   230

Table legend: (Time is in decaauts)
 A = Elapsed time spent in this place.
 B = Non-inter-level travel time spent in this place.
 C = Inter-level travel time spent in this place.
 D = Time resting spent in this place.
 E = Time spent auto-exploring this place.
 F = Levels seen in this place.
 G = Mean time per level.
                   A        B        C        D        E       F      G
               +--------+--------+--------+--------+--------+-----+--------+
         Total |   5542 |   5278 |    264 |    125 |   4002 |   9 |  615.8 |
       Dungeon |   5540 |   5277 |    263 |    125 |   4002 |   8 |  692.5 |
        Temple |      1 |      0 |      1 |      0 |      0 |   1 |    1.0 |
               +--------+--------+--------+--------+--------+-----+--------+

Top non-repeatable levels by time:
     D:7: 1015 daAuts
     D:5: 851 daAuts
     D:4: 839 daAuts
     D:6: 706 daAuts
     D:2: 703 daAuts
     D:1: 606 daAuts
     D:3: 564 daAuts
     D:8: 252 daAuts
  Temple: 1 daAuts
